[Event "ICCopen2017"]
[Site "Internet Chess Club"]
[Date "2017.03.25"]
[Round "2"]
[White "Mandragora"]
[Black "marcos610"]
[Result "1-0"]
[ICCResult "Black forfeits on time"]
[WhiteElo "1623"]
[BlackElo "1164"]
[Opening "Robatsch (modern) defense"]
[ECO "B06"]
[NIC "KF.06"]
[Time "14:16:31"]
[TimeControl "180+0"]

1. e4 g6 2. f4 Bg7 3. Nf3 b6 4. d4 Bb7 5. c4 d6 6. Bd3 Nf6 7. Nc3 Nc6 8. O-O
h6 9. h3 O-O 10. Be3 Nh5 11. Kh2 e5 12. g4 exd4 13. gxh5 dxe3 14. hxg6 fxg6
15. f5 gxf5 16. exf5 Ne7 17. Qc2 Qd7 18. Nh4 Be5+ 19. Kg1 Kh8 20. Ng6+ Nxg6
21. fxg6 Qxh3 22. Rxf8+ Rxf8 23. g7+ Kxg7 24. Be4 Qg3+ 25. Qg2 Qxg2+ 26.
Bxg2 Bxg2 27. Kxg2 Rf2+ 28. Kg1 Bh2+ 29. Kh1 {Black forfeits on time} 1-0

[Event "ICCopen2017"]
[Site "Internet Chess Club"]
[Date "2017.03.25"]
[Round "2"]
[White "neverend"]
[Black "Montserrat"]
[Result "1-0"]
[ICCResult "Black checkmated"]
[WhiteElo "2576"]
[BlackElo "1870"]
[Opening "Alekhine's defense: modern, fianchetto variation"]
[ECO "B04"]
[NIC "AL.04"]
[Time "14:16:54"]
[TimeControl "180+0"]

1. e4 Nf6 2. e5 Nd5 3. d4 d6 4. Nf3 g6 5. Bc4 Nb6 6. Bb3 Bg7 7. O-O O-O 8.
h3 Nc6 9. Qe2 Na5 10. Nc3 Nxb3 11. axb3 c6 12. Re1 d5 13. Bf4 Bf5 14. Qd2
Rc8 15. Bh6 c5 16. Bxg7 Kxg7 17. dxc5 Rxc5 18. Nd4 Bd7 19. Rxa7 e6 20. Raa1
Qc7 21. h4 h6 22. Re3 Bc6 23. Rae1 Nd7 24. f4 Rb8 25. Qf2 b5 26. h5 b4 27.
Nce2 Bb5 28. Nxb5 Rbxb5 29. Nd4 Rb8 30. hxg6 Kxg6 31. f5+ Kh7 32. fxe6 Nb6
33. Qf5+ Kh8 34. Qf6+ Kh7 35. Rh3 fxe6 36. Rxh6+ Kg8 37. Rh8# {Black
checkmated} 1-0

[Event "ICCopen2017"]
[Site "Internet Chess Club"]
[Date "2017.03.25"]
[Round "2"]
[White "Templar-Assasin"]
[Black "thxgg"]
[Result "1-0"]
[ICCResult "Black resigns"]
[WhiteElo "2613"]
[BlackElo "1889"]
[Opening "French: advance, Paulsen attack"]
[ECO "C02"]
[NIC "FR.03"]
[Time "14:16:29"]
[TimeControl "180+0"]

1. e4 e6 2. d4 d5 3. e5 c5 4. c3 Nc6 5. Nf3 Qb6 6. a3 Nh6 7. b4 cxd4 8. cxd4
Nf5 9. Bb2 Bd7 10. Be2 f6 11. O-O fxe5 12. dxe5 Be7 13. Nc3 Na5 14. Rc1 Nc4
15. Bxc4 dxc4 16. Ne4 O-O 17. Qxd7 Rad8 18. Qa4 Nh6 19. Qc2 Rxf3 20. gxf3
Rf8 21. Qe2 Nf5 22. Rxc4 Nh4 23. Rc3 Qd8 24. Kh1 Qe8 25. Rg1 Qh5 26. Rg3 Nf5
27. Rd3 Bh4 28. Kg2 Bxg3 29. fxg3 Qg6 30. Kg1 h5 31. Nd6 h4 32. Nxf5 exf5
{Black resigns}
1-0

[Event "ICCopen2017"]
[Site "Internet Chess Club"]
[Date "2017.03.25"]
[Round "2"]
[White "Boing777"]
[Black "leonardoalmeida"]
[Result "1/2-1/2"]
[ICCResult "Game drawn because neither player has mating material"]
[WhiteElo "2440"]
[BlackElo "1860"]
[Opening "Queen's gambit declined"]
[ECO "D30"]
[NIC "QO.17"]
[Time "14:16:45"]
[TimeControl "180+0"]

1. d4 e6 2. c4 d5 3. Nf3 dxc4 4. g3 a6 5. Bg2 Nd7 6. a4 Ngf6 7. Qc2 Rb8 8.
Na3 b5 9. axb5 axb5 10. O-O Bxa3 11. bxa3 O-O 12. a4 bxa4 13. Qxc4 Bb7 14.
Bf4 Nd5 15. Rfc1 Nxf4 16. gxf4 Rc8 17. Qxa4 Nb6 18. Qa7 Bxf3 19. Bxf3 Qxd4
20. e3 Qf6 21. Rab1 Nd5 22. Rb7 g6 23. Bxd5 exd5 24. Rbxc7 Rxc7 25. Rxc7 Rd8
26. Kg2 d4 27. exd4 Qxf4 28. h3 Qxd4 29. Rxf7 Qd5+ 30. Rf3 Rf8 31. Qe3 Rxf3
32. Qxf3 Qxf3+ 33. Kxf3 Kg7 34. Kg4 Kf6 35. h4 h6 36. Kf4 Ke6 37. Ke4 g5 38.
hxg5 hxg5 39. Kf3 Kf5 40. Kg3 g4 41. f3 gxf3 42. Kxf3
{Game drawn because neither player has mating material}
1/2-1/2

[Event "ICCopen2017"]
[Site "Internet Chess Club"]
[Date "2017.03.25"]
[Round "2"]
[White "Spirals"]
[Black "PeterOsgood"]
[Result "1-0"]
[ICCResult "Black resigns"]
[WhiteElo "2188"]
[BlackElo "1773"]
[Opening "French: Two knights variation"]
[ECO "C00"]
[NIC "FR.01"]
[Time "14:18:15"]
[TimeControl "180+0"]

1. e4 e6 2. Nc3 d5 3. Nf3 Nf6 4. exd5 exd5 5. d4 Be7 6. Bd3 O-O 7. h3 c6 8.
O-O Bd7 9. Ne5 Be6 10. f4 Nfd7 11. f5 Nxe5 12. dxe5 Bd7 13. f6 gxf6 14. Qh5
f5 15. Bh6 Re8 16. Bxf5 Bxf5 17. Qxf5 Bc5+ 18. Kh1 Qe7 19. Qg4+ {Black
resigns} 1-0

[Event "ICCopen2017"]
[Site "Internet Chess Club"]
[Date "2017.03.25"]
[Round "2"]
[White "nr3"]
[Black "tdimarco"]
[Result "1-0"]
[ICCResult "Black resigns"]
[WhiteElo "1644"]
[BlackElo "1233"]
[Opening "Ruy Lopez: old Steinitz defense"]
[ECO "C62"]
[NIC "RL.02"]
[Time "14:17:13"]
[TimeControl "180+0"]

1. e4 e5 2. Nf3 Nc6 3. Bb5 d6 4. O-O Bd7 5. Re1 Nf6 6. c3 Be7 7. d4 exd4 8.
cxd4 h6 9. d5 Ne5 10. Bxd7+ Nexd7 11. Nc3 O-O 12. Be3 a6 13. h3 Re8 14. Qd2
Kh7 15. Nh4 Ne5 16. b3 c6 17. dxc6 Nxc6 18. Nf5 Bf8 19. Rad1 Nxe4 20. Nxe4
Rxe4 21. Ng3 Re6 22. Qd3+ Kh8 23. Nf5 Be7 24. Qc3 f6 25. Rd3 Qc7 26. Qc4 Re5
27. g4 Rd8 28. Bd4 Nxd4 29. Rxe5 dxe5 30. Nxd4 Rxd4 31. Qxc7 Rxd3 32. Qxe7
Rd1+ 33. Kg2 Rd2 34. Qe8+ Kh7 35. Qa4 Rd6 36. Qe4+ Kh8 37. Qxb7 Kh7 38. Qc7
Rd2 39. a4 Rb2 40. Qb6 Rc2 41. Qxa6 Rc3 42. Qb5 Rc7 43. a5 {Black resigns}
1-0

[Event "ICCopen2017"]
[Site "Internet Chess Club"]
[Date "2017.03.25"]
[Round "2"]
[White "Atomrod"]
[Black "Brothersinarms"]
[Result "1-0"]
[ICCResult "Black resigns"]
[WhiteElo "2316"]
[BlackElo "1803"]
[Opening "Queen's pawn: Charlick (Englund) gambit"]
[ECO "A40"]
[NIC "QO.17"]
[Time "14:18:02"]
[TimeControl "180+0"]

1. d4 e5 2. dxe5 d6 3. exd6 Bxd6 4. Nf3 Nc6 5. Nc3 Nf6 6. Nb5 Bb4+ 7. Bd2
Bxd2+ 8. Qxd2 Qxd2+ 9. Nxd2 Kd8 10. c3 a6 11. Nd4 Nxd4 12. cxd4 c6 13. e3
Kc7 14. Rc1 Be6 15. Bc4 b5 16. Bxe6 fxe6 17. Nb3 Kb6 18. Ke2 Rhe8 19. Rc2 e5
20. Rhc1 Rac8 21. dxe5 Rxe5 22. Nc5 Rf5 23. h3 h5 24. Nd3 Nd5 25. h4 Rf6 26.
f3 Re8 27. e4 Nf4+ 28. Nxf4 Rxf4 29. Rxc6+ Ka5 30. Rg6 Rxh4 31. Rcc6 Kb4 32.
Rxa6 Rh2 33. Kf2 Rc8 34. Rac6 Rd8 35. Rc2 h4 36. Kg1 {Black resigns} 1-0

[Event "ICCopen2017"]
[Site "Internet Chess Club"]
[Date "2017.03.25"]
[Round "2"]
[White "Eliezer"]
[Black "Fighterman"]
[Result "0-1"]
[ICCResult "White checkmated"]
[WhiteElo "1573"]
[BlackElo "2466"]
[Opening "King's pawn opening"]
[ECO "B07"]
[NIC "VO.17"]
[Time "14:17:50"]
[TimeControl "180+0"]

1. e4 d6 2. Nf3 g6 3. d3 Bg7 4. g3 Nc6 5. Nc3 Bg4 6. Bg2 Nd4 7. O-O Nf6 8.
Be3 Nd7 9. Bxd4 Bxd4 10. Qd2 Bg7 11. h3 Bxf3 12. Bxf3 O-O 13. Bg2 c6 14. f4
Qb6+ 15. Kh1 Qxb2 16. Ne2 Qb6 17. Rab1 Qc7 18. f5 e6 19. fxg6 fxg6 20. Rxf8+
Rxf8 21. Rf1 Rxf1+ 22. Bxf1 Qb6 23. Bg2 Qb1+ 24. Kh2 Qxa2 25. Nf4 Nf8 26.
Ne2 a5 27. Nc1 Qb2 28. Qxa5 Qxc1 29. Qd8 Be5 30. Qe7 Qe3 31. Qh4 g5 32. Qg4
h5 33. Qxh5 Qxg3+ 34. Kg1 Bd4+ 35. Kh1 Qe1+ 36. Bf1 Qxf1+ 37. Kh2 Be5#
{White checkmated}
0-1

[Event "ICCopen2017"]
[Site "Internet Chess Club"]
[Date "2017.03.25"]
[Round "2"]
[White "blunder23"]
[Black "ehkopean"]
[Result "0-1"]
[ICCResult "White forfeits on time"]
[WhiteElo "1438"]
[BlackElo "1746"]
[Opening "Sicilian: Anderssen variation"]
[ECO "B41"]
[NIC "SI.41"]
[Time "14:16:31"]
[TimeControl "180+0"]

1. e4 c5 2. Nf3 e6 3. d4 cxd4 4. Nxd4 Nf6 5. Nc3 Nc6 6. Bb5 Bb4 7. O-O O-O
8. e5 Nxe5 9. Re1 Ng6 10. Bg5 Bxc3 11. bxc3 d5 12. Qf3 a6 13. Bd3 Re8 14. h4
e5 15. Nf5 e4 16. Bxe4 dxe4 17. Rxe4 Rxe4 18. Qxe4 Bxf5 19. Qxf5 Qd5 20. Qh3
Re8 21. Bxf6 gxf6 22. h5 Nf4 23. Qg4+ Qg5 24. Qxg5+ fxg5 25. h6 f6 26. g3
Ne2+ 27. Kf1 Nxc3 28. a4 Re7 29. Ra3 Nd5 30. Rd3 Nc7 31. Rd8+ Kf7
{White forfeits on time}
0-1

[Event "ICCopen2017"]
[Site "Internet Chess Club"]
[Date "2017.03.25"]
[Round "2"]
[White "Maxbet"]
[Black "Giantvin"]
[Result "1-0"]
[ICCResult "Black forfeits on time"]
[WhiteElo "2851"]
[BlackElo "1982"]
[Opening "Two knights defense (Modern bishop's opening)"]
[ECO "C55"]
[NIC "IG.01"]
[Time "14:16:27"]
[TimeControl "180+0"]

1. e4 e5 2. Nf3 Nc6 3. Bc4 Nf6 4. d3 Be7 5. O-O O-O 6. Re1 d6 7. a4 Be6 8.
Bxe6 fxe6 9. c3 Nh5 10. Nbd2 Nf4 11. Nf1 h5 12. g3 Ng6 13. Be3 Qe8 14. b4
Qf7 15. N3d2 b6 16. Qxh5 Nf4 17. Qxf7+ Rxf7 18. b5 Na5 19. gxf4 exf4 20. Bd4
e5 21. Rac1 c5 22. bxc6 Nxc6 23. Nf3 exd4 24. cxd4 Na5 25. N1d2 g5 26. h3
Rg7 27. Kf1 Kf7 28. Ke2 Rag8 29. Rg1 g4 30. hxg4 Rxg4 31. Rxg4 Rxg4 32. Rc7
Ke6 33. d5+ Kf6 34. Rxa7 Rg7 35. Nd4 Kg6 36. Nf5 {Black forfeits on time}
1-0

[Event "ICCopen2017"]
[Site "Internet Chess Club"]
[Date "2017.03.25"]
[Round "2"]
[White "Kalmyk"]
[Black "Tasmaniandevil"]
[Result "1-0"]
[ICCResult "Black resigns"]
[WhiteElo "2909"]
[BlackElo "1987"]
[Opening "Ruy Lopez: Exchange variation doubly deferred (DERLD)"]
[ECO "C85"]
[NIC "RL.14"]
[Time "14:18:14"]
[TimeControl "180+0"]

1. e4 e5 2. Nf3 Nc6 3. Bb5 a6 4. Ba4 Nf6 5. O-O Be7 6. Bxc6 dxc6 7. d3 Nd7
8. b3 f6 9. Bb2 c5 10. Nbd2 Nf8 11. Nh4 Be6 12. Nf5 Bxf5 13. exf5 Qd7 14. f4
O-O-O 15. fxe5 fxe5 16. Bxe5 Bf6 17. Bxf6 gxf6 18. Ne4 Qg7 19. Nxc5 Rg8 20.
Qf3 c6 21. Rae1 Rd5 22. Re8+ {Black resigns} 1-0

[Event "ICCopen2017"]
[Site "Internet Chess Club"]
[Date "2017.03.25"]
[Round "2"]
[White "Kastor"]
[Black "Dodgy"]
[Result "1-0"]
[ICCResult "Black resigns"]
[WhiteElo "2781"]
[BlackElo "1977"]
[Opening "Two knights defense"]
[ECO "C58"]
[NIC "KP.01"]
[Time "14:17:33"]
[TimeControl "180+0"]

1. e4 e5 2. Nf3 Nc6 3. Bc4 Nf6 4. Ng5 d5 5. exd5 Na5 6. Bb5+ c6 7. dxc6 bxc6
8. Bd3 h6 9. Ne4 Nxe4 10. Bxe4 Bd7 11. O-O Bd6 12. d4 O-O 13. dxe5 Bxe5 14.
Re1 Re8 15. Nd2 Qf6 16. Nf3 Bd6 17. h3 Rad8 18. Bd2 Nc4 19. Bc3 Qf4 20. Qd4
Be5 21. Qxc4 Bxh3 22. Bxe5 Rxe5 23. Bh7+ {Black resigns} 1-0

[Event "ICCopen2017"]
[Site "Internet Chess Club"]
[Date "2017.03.25"]
[Round "2"]
[White "UnderArmour"]
[Black "Falstaf"]
[Result "0-1"]
[ICCResult "White checkmated"]
[WhiteElo "1959"]
[BlackElo "2891"]
[Opening "Scotch gambit: Dubois-Réti defense"]
[ECO "C55"]
[NIC "KP.02"]
[Time "14:17:29"]
[TimeControl "180+0"]

1. e4 e5 2. Nf3 Nc6 3. Bc4 Nf6 4. d4 exd4 5. e5 Ne4 6. Bd5 Nc5 7. O-O Be7 8.
Bxc6 dxc6 9. Nxd4 O-O 10. Be3 f5 11. f4 Ne6 12. c3 c5 13. Nxe6 Bxe6 14. Nd2
Qe8 15. Qf3 b6 16. b3 Bd7 17. c4 Bc6 18. Qg3 Rd8 19. Rad1 Qh5 20. Nf3 h6 21.
h3 Be4 22. Kh2 a5 23. Rd2 Rxd2 24. Nxd2 Bc6 25. Nf3 Rd8 26. Rf2 Rd3 27. Re2
a4 28. Ne1 Qxe2 29. Nxd3 Qxd3 30. Qg6 Qxe3 31. Qe6+ Kf8 32. Qxc6 Qxf4+ 33.
Kh1 Qxe5 34. Qxa4 Bd6 35. Qa8+ Ke7 36. Kg1 Qe1# {White checkmated} 0-1

[Event "ICCopen2017"]
[Site "Internet Chess Club"]
[Date "2017.03.25"]
[Round "2"]
[White "olivermx"]
[Black "pilgrim22"]
[Result "0-1"]
[ICCResult "White resigns"]
[WhiteElo "771"]
[BlackElo "914"]
[Opening "Ruy Lopez: Caro variation"]
[ECO "C70"]
[NIC "RL.09"]
[Time "14:17:42"]
[TimeControl "180+0"]

1. e4 e5 2. Nf3 Nc6 3. Bb5 a6 4. Ba4 b5 5. Bb3 h6 6. c3 Nf6 7. Bc2 Bc5 8. d4
exd4 9. cxd4 Bb4+ 10. Nc3 Bxc3+ 11. bxc3 O-O 12. Bd2 Bb7 13. O-O Na5 14. Be3
Bxe4 15. Bxe4 Nxe4 16. Qd3 Nf6 17. Rfe1 Nc4 18. Rab1 Re8 19. a4 c6 20. axb5
axb5 21. Bf4 Nd5 22. Bg3 Ra3 23. Rbc1 Qa5 24. Qd2 Rxc3 25. Ne5 Rxc1 26. Rxc1
Qxd2 {White resigns} 0-1

[Event "ICCopen2017"]
[Site "Internet Chess Club"]
[Date "2017.03.25"]
[Round "2"]
[White "kolding"]
[Black "RealContender"]
[Result "0-1"]
[ICCResult "White checkmated"]
[WhiteElo "1627"]
[BlackElo "2137"]
[Opening "Sicilian: Canal-Sokolsky attack, 3...Bd7"]
[ECO "B52"]
[NIC "SI.01"]
[Time "14:18:03"]
[TimeControl "180+0"]

1. e4 c5 2. Nf3 d6 3. Bb5+ Bd7 4. Bxd7+ Qxd7 5. O-O g6 6. c3 Bg7 7. d4 cxd4
8. cxd4 Nc6 9. Nc3 e6 10. Bg5 Nge7 11. Qd2 h6 12. Bf4 Rc8 13. Rfe1 g5 14.
Bg3 g4 15. d5 gxf3 16. dxc6 bxc6 17. Qxd6 Qxd6 18. Bxd6 fxg2 19. e5 Ng6 20.
Rad1 Rg8 21. Re4 Bf8 22. Ra4 a5 23. Rxa5 Nf4 24. Ra7 Nh3# {White checkmated}
0-1

[Event "ICCopen2017"]
[Site "Internet Chess Club"]
[Date "2017.03.25"]
[Round "2"]
[White "evorg"]
[Black "Cowboystiefel"]
[Result "0-1"]
[ICCResult "White resigns"]
[WhiteElo "1527"]
[BlackElo "2114"]
[Opening "Caro-Kann: advance variation"]
[ECO "B12"]
[NIC "CK.04"]
[Time "14:17:26"]
[TimeControl "180+0"]

1. e4 c6 2. d4 d5 3. e5 Bf5 4. Bd3 Bxd3 5. Qxd3 e6 6. f4 Qa5+ 7. Nc3 Qa6 8.
Qxa6 Nxa6 9. a3 c5 10. Be3 Nh6 11. dxc5 Nf5 12. Bf2 Bxc5 13. Bxc5 Nxc5 14.
O-O-O a6 15. Nf3 h5 16. Nd4 Ne3 17. Rd2 Nc4 18. Rf2 g6 19. Nb3 Rc8 20. Nxc5
Rxc5 21. Ne2 Ke7 22. Kb1 Rhc8 23. Rc1 Nd2+ 24. Ka2 Ne4 25. Rff1 Rxc2 26.
Rxc2 Rxc2 27. Re1 Rd2 28. Kb1 Nc5 29. Ka2 Rxb2+ 30. Kxb2 Nd3+ 31. Kc3 Nxe1
32. g3 Nf3 33. h4 Nh2 34. Kb4 Kd7 35. Kc5 Kc7 36. a4 b6+ 37. Kb4 Nf1 38. a5
Kc6 39. axb6 Kxb6 40. Ka4 a5 41. Ka3 Kb5 {White resigns} 0-1

[Event "ICCopen2017"]
[Site "Internet Chess Club"]
[Date "2017.03.25"]
[Round "2"]
[White "grancaruso"]
[Black "Zelos"]
[Result "0-1"]
[ICCResult "White forfeits on time"]
[WhiteElo "1813"]
[BlackElo "2410"]
[Opening "English opening: Agincourt variation"]
[ECO "A13"]
[NIC "QP.09"]
[Time "14:16:43"]
[TimeControl "180+0"]

1. Nf3 d5 2. c4 e6 3. b3 Nf6 4. Bb2 c6 5. g3 Nbd7 6. Bg2 Be7 7. O-O O-O 8.
e3 a5 9. Qe2 b6 10. Rd1 Ba6 11. d3 a4 12. Nc3 a3 13. Bc1 b5 14. Bd2 b4 15.
Na4 Nb6 16. Nxb6 Qxb6 17. Qe1 Rfd8 18. Nd4 c5 19. Nf3 Rac8 20. Rac1 h6 21.
cxd5 exd5 22. d4 c4 23. bxc4 dxc4 24. Rb1 Rb8 25. Ne5 Qc7 26. Bxb4 Bxb4 27.
Rxb4 c3 28. Rxb8 Rxb8 29. Rc1 c2 30. Qd2 Rb2 31. Bf1 Ne4 32. Qe1 Bxf1 33.
Kxf1 Rxa2 34. f3 Nf6 35. Kg2 Rb2 36. Nd3 Qc4 37. Nxb2 axb2 38. Qa5 bxc1=Q
{White forfeits on time}
0-1

[Event "ICCopen2017"]
[Site "Internet Chess Club"]
[Date "2017.03.25"]
[Round "2"]
[White "kentaur"]
[Black "Persi"]
[Result "1-0"]
[ICCResult "Black checkmated"]
[WhiteElo "1638"]
[BlackElo "1216"]
[Opening "French: Tarrasch, open variation"]
[ECO "C07"]
[NIC "FR.18"]
[Time "14:17:33"]
[TimeControl "180+0"]

1. e4 e6 2. d4 d5 3. Nd2 c5 4. c3 cxd4 5. cxd4 Nc6 6. Bb5 Bd7 7. Ne2 a6 8.
Bd3 Bb4 9. O-O Nge7 10. e5 O-O 11. Nf3 Ng6 12. Ng3 Ba5 13. Bg5 Qc7 14. Rc1
Bb6 15. Bb1 h6 16. Be3 Qd8 17. Nh5 Nb4 18. a3 Nc6 19. Qd2 Ba5 20. b4 Bb6 21.
Bxh6 Nxd4 22. Nxd4 Bxd4 23. Bxg7 Bxe5 24. Qh6 Bxh2+ 25. Kh1 Qh4 26. Nf6+
Qxf6 27. Bxf6 Be5 28. Qg7# {Black checkmated} 1-0

[Event "ICCopen2017"]
[Site "Internet Chess Club"]
[Date "2017.03.25"]
[Round "2"]
[White "HuevosDeLeon"]
[Black "searchforbobby1"]
[Result "1-0"]
[ICCResult "Black resigns"]
[WhiteElo "2608"]
[BlackElo "1877"]
[Opening "Queen's pawn"]
[ECO "A40"]
[NIC "QO.17"]
[Time "14:17:55"]
[TimeControl "180+0"]

1. d4 e6 2. Bf4 f5 3. g4 Nf6 4. gxf5 exf5 5. Nc3 g6 6. e3 Bg7 7. Qf3 d5 8.
Be5 c6 9. h4 Nbd7 10. Bf4 Qe7 11. O-O-O Ne4 12. Nxe4 fxe4 13. Qg3 Nf6 14.
Be2 Bf5 15. h5 O-O-O 16. h6 Bf8 17. Nh3 Qd7 18. Be5 Be7 19. Nf4 Rhf8 20. c4
dxc4 21. Bxc4 Nd5 22. Bxd5 cxd5 23. Kb1 b6 24. Rc1+ Kb7 25. Rc7+ Qxc7 26.
Bxc7 Kxc7 27. Nxd5+ Kd7 28. Qc7+ Ke6 29. Nxe7 Rd7 30. Qe5+ Kf7 31. Nxf5 gxf5
32. Qxf5+ Ke8 33. Qxe4+ Re7 34. Qa8+ Kf7 35. Qd5+ Ke8 36. Rc1 Rd7 37. Rc8+
{Black resigns}
1-0

[Event "ICCopen2017"]
[Site "Internet Chess Club"]
[Date "2017.03.25"]
[Round "2"]
[White "schastlivchik"]
[Black "A-Frhat"]
[Result "0-1"]
[ICCResult "White resigns"]
[WhiteElo "1803"]
[BlackElo "2319"]
[Opening "QGD semi-Slav"]
[ECO "D43"]
[NIC "SL.03"]
[Time "14:16:46"]
[TimeControl "180+0"]

1. c4 c6 2. Nc3 d5 3. d4 Nf6 4. Nf3 e6 5. Bg5 Nbd7 6. Qc2 h6 7. Bh4 Qa5 8.
Bxf6 Nxf6 9. cxd5 cxd5 10. e3 Bb4 11. Bd3 Bd7 12. O-O Rc8 13. Rac1 O-O 14.
Qb3 Rc7 15. Ne2 Rfc8 16. Rxc7 Rxc7 17. Rc1 Bd6 18. Rxc7 Qxc7 19. Nc3 a6 20.
h3 b5 21. a3 Ne4 22. Bxe4 dxe4 23. Nd2 f5 24. f3 exf3 25. Nxf3 Kh7 26. e4
Bf4 27. exf5 exf5 28. Qd5 Qd6 29. Ne5 Bxe5 30. dxe5 Qb6+ 31. Kh2 Be6 32. Qf3
Qd4 33. Kg3 Qxe5+ 34. Qf4 Qe1+ 35. Qf2 Qxf2+ 36. Kxf2 g5 37. g3 Kg7 38. Ke3
Kf6 39. h4 Ke5 40. hxg5 hxg5 41. Ne2 Bc4 42. Nc3 f4+ 43. gxf4+ gxf4+ 44. Kf2
Be6 45. Kf3 Bd7 46. Kf2 Bc6 47. Ke2 Kd4 48. Kd2 Kc4 {White resigns} 0-1

[Event "ICCopen2017"]
[Site "Internet Chess Club"]
[Date "2017.03.25"]
[Round "2"]
[White "yozhik"]
[Black "SebasTian6"]
[Result "1-0"]
[ICCResult "Black forfeits on time"]
[WhiteElo "2750"]
[BlackElo "1555"]
[Opening "Caro-Kann: Tartakower (Nimzovich) variation"]
[ECO "B15"]
[NIC "CK.06"]
[Time "14:16:57"]
[TimeControl "180+0"]

1. e4 c6 2. d4 d5 3. Nc3 dxe4 4. Nxe4 Nf6 5. Nxf6+ exf6 6. c3 Bd6 7. Bd3 Nd7
8. Ne2 O-O 9. O-O Re8 10. Bf4 Nf8 11. Bxd6 Qxd6 12. Qd2 Bg4 13. Ng3 Rac8 14.
Rfe1 Rcd8 15. Rxe8 Rxe8 16. Re1 Bd7 17. Ne4 Qe7 18. Re2 Qd8 19. Nc5 Rxe2 20.
Qxe2 Bc8 21. Bc4 b6 22. Nd3 Ng6 23. g3 Kf8 24. h4 Qe7 25. Qxe7+ Nxe7 26. Bb3
Nd5 27. Bxd5 cxd5 28. Nb4 Bb7 29. Kf1 a5 30. Nc2 Ke7 31. Ke2 Kd6 32. Ke3 Ba6
33. Ne1 h5 34. Ng2 g5 35. Ne1 Bb5 36. Nf3 g4 37. Ne1 Ba6 38. Ng2 Bb5 39. Nf4
a4 40. a3 Bd7 41. Nxh5 Ke7 42. Nf4 Kd6 43. h5 Bf5 44. h6 b5 45. Nh5 Ke7 46.
Kf4 Bg6 47. Kxg4 {Black forfeits on time} 1-0

[Event "ICCopen2017"]
[Site "Internet Chess Club"]
[Date "2017.03.25"]
[Round "2"]
[White "Dinamit"]
[Black "GoogleGirl"]
[Result "1-0"]
[ICCResult "Black checkmated"]
[WhiteElo "2627"]
[BlackElo "1898"]
[Opening "French: Steinitz, Boleslavsky variation"]
[ECO "C11"]
[NIC "FR.04"]
[Time "14:16:50"]
[TimeControl "180+0"]

1. e4 e6 2. d4 d5 3. Nc3 Nf6 4. e5 Nfd7 5. f4 c5 6. Nf3 Nc6 7. Be3 Be7 8.
Qd2 O-O 9. Be2 a6 10. Nd1 b5 11. c3 f6 12. exf6 Nxf6 13. Nf2 cxd4 14. Nxd4
Bd7 15. O-O Qc7 16. g3 Ne8 17. Rae1 Nd6 18. Bd3 Nxd4 19. Bxd4 Bf6 20. Bxf6
gxf6 21. Qc2 f5 22. Qe2 Ne4 23. Bxe4 dxe4 24. Qe3 Be8 25. Rd1 Bh5 26. g4 Bg6
27. Rd2 Rad8 28. Rfd1 Rxd2 29. Rxd2 Rd8 30. Rxd8+ Qxd8 31. h3 h5 32. g5 e5
33. fxe5 Qe7 34. Qf4 Qc5 35. e6 Qe7 36. Nd1 Kg7 37. Qe5+ Kh7 38. h4 Qa7+ 39.
Kf1 Qe7 40. Ne3 Bf7 41. Nxf5 Qxe6 42. Qg7# {Black checkmated} 1-0

[Event "ICCopen2017"]
[Site "Internet Chess Club"]
[Date "2017.03.25"]
[Round "2"]
[White "ramezsamir"]
[Black "aplusk"]
[Result "0-1"]
[ICCResult "White checkmated"]
[WhiteElo "1948"]
[BlackElo "2788"]
[Opening "Queen's pawn game"]
[ECO "D02"]
[NIC "QP.08"]
[Time "14:16:39"]
[TimeControl "180+0"]

1. d4 d5 2. Nf3 Bf5 3. e3 e6 4. Nbd2 Bd6 5. Ne5 Nd7 6. f4 Ngf6 7. Be2 h6 8.
O-O Ne4 9. Nxe4 Bxe4 10. Bd3 Nf6 11. Bd2 O-O 12. Be1 Bxd3 13. cxd3 Nd7 14.
Qg4 f5 15. Qg6 Rf6 16. Qh5 Bxe5 17. fxe5 Rf7 18. Bh4 Qe8 19. g4 Rf8 20. Qxe8
Raxe8 21. gxf5 Rxf5 22. Rxf5 exf5 23. Rf1 g6 24. Kf2 c5 25. Rc1 cxd4 26.
exd4 g5 27. Rc7 Nf8 28. Bg3 Ne6 29. Rxb7 f4 30. Bxf4 gxf4 31. Kf3 Nxd4+ 32.
Kxf4 Rf8+ 33. Ke3 Nf5+ 34. Ke2 Rf7 35. Rb8+ Kg7 36. Rd8 Ne7 37. d4 Kg6 38.
Rd7 a5 39. Ra7 Kf5 40. Rxa5 Ke4 41. Ra7 Kxd4 42. e6 Rg7 43. Kf3 Ke5 44. b4
Kxe6 45. Ra6+ Ke5 46. Rxh6 Nf5 47. Rh5 d4 48. b5 d3 49. b6 d2 50. Ke2 Rg2+
51. Kd1 Ke4 52. b7 Ne3# {White checkmated} 0-1

[Event "ICCopen2017"]
[Site "Internet Chess Club"]
[Date "2017.03.25"]
[Round "2"]
[White "manitodeplomo"]
[Black "Bojack"]
[Result "0-1"]
[ICCResult "White resigns"]
[WhiteElo "2484"]
[BlackElo "1891"]
[Opening "Queen's Indian: Nimzovich variation (exaggerated fianchetto)"]
[ECO "E15"]
[NIC "QI.05"]
[Time "14:17:26"]
[TimeControl "180+0"]

1. c4 Nf6 2. Nf3 e6 3. d4 b6 4. g3 Ba6 5. Qc2 Bb7 6. Bg2 c5 7. d5 exd5 8.
cxd5 Nxd5 9. O-O Be7 10. Rd1 Nc6 11. a3 Nf6 12. Nc3 O-O 13. Bg5 h6 14. Bxf6
Bxf6 15. Ne4 Be7 16. Nd6 Ba6 17. e3 Qc7 18. Nf5 Bf6 19. Rd6 Be5 20. Nxe5
Nxe5 21. Bxa8 Rxa8 22. Qe4 Re8 23. f4 Bb7 24. Qxe5 Rxe5 25. fxe5 c4 26. Rad1
Be4 27. Rxd7 Qxe5 28. Nd6 Bc6 29. Rd8+ Kh7 30. Rh8+ Kg6 31. Nxc4 Qe4 32.
Rd6+ f6 33. Ne5+ Qxe5 34. Rxc6 Qxe3+ 35. Kf1 Qf3+ {White resigns} 0-1

[Event "ICCopen2017"]
[Site "Internet Chess Club"]
[Date "2017.03.25"]
[Round "2"]
[White "Norgeman"]
[Black "BMWHero"]
[Result "0-1"]
[ICCResult "White checkmated"]
[WhiteElo "1513"]
[BlackElo "2062"]
[Opening "Queen's pawn game"]
[ECO "A46"]
[NIC "QP.05"]
[Time "14:17:49"]
[TimeControl "180+0"]

1. d4 Nf6 2. Nf3 e6 3. Bf4 c5 4. e3 b6 5. Be2 Bb7 6. O-O Be7 7. h3 cxd4 8.
exd4 d6 9. Nc3 O-O 10. Re1 Re8 11. Bd3 Nbd7 12. Ne4 Nxe4 13. Bxe4 Bxe4 14.
Rxe4 d5 15. Re3 Nf6 16. a4 Ne4 17. Ne5 Rc8 18. c3 Bd6 19. Qf3 Qf6 20. Bh2
Bxe5 21. Bxe5 Qxf3 22. Rxf3 f6 23. Bh2 Nd2 24. Re3 Kf7 25. f4 Ne4 26. g4 f5
27. Kg2 Rc4 28. a5 b5 29. a6 Rb8 30. gxf5 exf5 31. Kf3 b4 32. cxb4 Rbxb4 33.
Ra2 Rc2 34. Re2 Rb3+ 35. Re3 Rf2# {White checkmated} 0-1

[Event "ICCopen2017"]
[Site "Internet Chess Club"]
[Date "2017.03.25"]
[Round "2"]
[White "Lovelife"]
[Black "Trentosk"]
[Result "0-1"]
[ICCResult "White resigns"]
[WhiteElo "1868"]
[BlackElo "2550"]
[Opening "Ruy Lopez: Möller defense"]
[ECO "C78"]
[NIC "RL.12"]
[Time "14:17:10"]
[TimeControl "180+0"]

1. e4 e5 2. Nf3 Nc6 3. Bb5 a6 4. Ba4 Nf6 5. O-O Bc5 6. c3 b5 7. Bb3 d6 8. d4
Bb6 9. a4 Bg4 10. Bd5 Nxd5 11. exd5 Ne7 12. axb5 axb5 13. Rxa8 Qxa8 14. h3
Bxf3 15. Qxf3 Qxd5 16. Qxd5 Nxd5 17. dxe5 dxe5 18. Re1 f6 19. Nd2 Kd7 20.
Ne4 Ra8 21. Kf1 Ra4 22. Nd2 Kc6 23. Nb3 Ra2 24. Rd1 Kd6 25. Nd2 Ke6 26. c4
Nb4 27. cxb5 Nd3 28. Nc4 Nxf2 29. Rd8 Ne4 30. Nxb6 cxb6 31. Be3 Rxb2 32.
Bxb6 Rxb5 33. Be3 h5 34. Rh8 Rb2 35. Rh7 g5 36. g4 h4 37. Ra7 Rh2 38. Ra4
Nc3 39. Rc4 Nd5 40. Bf2 Rxh3 41. Kg2 Ne3+ 42. Bxe3 Rxe3 43. Rc6+ Kf7 44.
Rc7+ Kg6 45. Rc4 Rd3 46. Kf2 Rd4 {White resigns} 0-1